AoeStats
← UgurtheGreat

Lombardia

507119935Analyzed
3v3 RM · 15d ago on Sep 16, 2026· 42m 40s· 6 players
Game mode
Random Map
Map size
Normal (6 player)
Population
200
Speed
Normal
Resources
Standard
Victory
Conquest
Starting age
Dark Age
Ending age
Imperial Age
RankedLock teamsTeams togetherTeam positionsShared explorationLock speedFull tech treeHidden civsTurbo modeCheats
Victory
Defeat
🇲🇽 Burgundians · Mexico
1097
+14
🇲🇽 Italians · Mexico
1087
+14
🇲🇽 Celts · Mexico
1033
+17
🇮🇹 Poles · Italy
1082
-16
🇹🇷 Slavs · Türkiye
1054
-15
🇹🇷 Italians · Türkiye
1014
-14
klaushofer
7:31 Loom
9:53 Feudal Age
11:06 Horse Collar
11:37 Double-Bit Axe
14:04 Bloodlines
15:51 Scale Barding Armor
17:28 Forging
22:28 Castle Age
23:18 Wheelbarrow
22:45 Light Cavalry
23:26 Husbandry
23:49 Chain Barding Armor
24:02 Bow Saw
24:40 Heavy Plow
26:45 Iron Casting
31:54 Stone Mining
40:17 Imperial Age
37:56 Szlachta Privileges
40:40 Cavalier
UgurtheGreat
3:46 Loom
12:33 Feudal Age
16:37 Castle Age
15:54 Double-Bit Axe
16:06 Horse Collar
22:30 Wheelbarrow
23:18 Pikeman
24:31 Squires
24:54 Town Watch
26:29 Hand Cart
27:48 Scale Mail Armor
27:59 Forging
27:21 Man-at-Arms
29:24 Caravan
30:12 Chain Mail Armor
30:33 Iron Casting
31:16 Bloodlines
31:07 Husbandry
30:28 Light Cavalry
34:17 Imperial Age
32:39 Ballistics
32:30 Scale Barding Armor
35:09 Chain Barding Armor
34:35 Halberdier
39:17 Detinets
40:57 Chemistry
PUNISHER_CENGO 23
12:51 Feudal Age
18:14 Loom
22:21 Horse Collar
28:33 Gold Mining
28:33 Stone Mining
31:21 Castle Age
29:30 Double-Bit Axe
30:50 Padded Archer Armor
30:40 Fletching
32:36 Wheelbarrow
32:51 Stone Shaft Mining
32:30 Bow Saw
32:25 Heavy Plow
32:35 Bodkin Arrow
34:19 Coinage
36:25 Wheelbarrow
38:44 Leather Archer Armor
39:25 Caravan
FrankRan
6:15 Double-Bit Axe
11:40 Feudal Age
9:56 Horse Collar
13:28 Loom
17:15 Castle Age
15:18 Heavy Plow
15:18 Gold Mining
15:51 Scale Barding Armor
16:45 Bow Saw
18:23 Forging
25:14 Husbandry
27:08 Wheelbarrow
27:27 Iron Casting
27:01 Cavalier
32:39 Town Watch
36:54 Gold Shaft Mining
37:17 Chain Barding Armor
40:48 Imperial Age
38:59 Fletching
39:33 Ballistics
41:31 Paladin
42:48 Plate Barding Armor
MAJEZTAD EZKANOR
13:28 Feudal Age
14:47 Wheelbarrow
13:59 Double-Bit Axe
14:00 Horse Collar
20:04 Castle Age
18:39 Stone Mining
18:43 Gold Mining
21:41 Hand Cart
21:28 Heavy Plow
21:40 Bow Saw
29:19 Imperial Age
28:27 Scale Mail Armor
28:38 Forging
28:54 Arson
29:09 Squires
28:30 Pikeman
30:27 Conscription
30:45 Chain Mail Armor
31:05 Iron Casting
33:03 Plate Mail Armor
33:45 Two-Man Saw
34:03 Blast Furnace
33:44 Crop Rotation
ElBenja2020
12:59 Feudal Age
14:35 Wheelbarrow
13:58 Man-at-Arms
15:02 Loom
16:22 Double-Bit Axe
16:45 Horse Collar
26:11 Castle Age
24:19 Stone Mining
24:19 Gold Mining
25:38 Forging
25:21 Fletching
25:26 Gold Mining
26:19 Forging
27:16 Hand Cart
27:43 Bow Saw
28:06 Pikeman
33:41 Heavy Plow
38:09 Gold Shaft Mining
38:09 Stone Shaft Mining
38:07 Caravan
43:13 Imperial Age
40:30 Town Watch
40:55 Gambesons
40:56 Arson
42:10 Town Patrol
Connection lost

Rejoining the realm…

Still unreachable

The connection could not be restored.

Session expired

The server has moved on; the page needs a fresh start.